Arrhythmia, chaotic female vampiric Convict --- $ $ ---------- $ $ --.--- $ --- |..|..--.---- |....--- $ * ---.--- |...........| |...<..| $ |[....| ---....|.|..-- ---- ---.%[.| ---- |.....-- --- |..-----.(.| --..--- ---@--- |..--------------...---.---|..| |.....-- |..|..-- |.@.| |.............--|........|.------......| -----|...|--C.-- $ --.----------..---..........| |......*------.----...|...| |...| |...||.........-----........--.....--...--.---- -------.--- --.+---.........................%..........|..| $ |..---|..)-- --...|-.......--------...-......%.......-....| |.....--...-- --...|........| --.........%..|.|.|.^....-- --..........| |.............| |..........%.--------.....-- ---- ---........| --...........-- |............| |......--- |..----|..-.....-- |........--.--- --...........-------|........--- |....>--.`.......--- ---......--...--------...........--.--.--.---.....| --..............)).| |............................................|..| |.......|..?.....)| |.......---...------..-----.---..|....----------- ---.--.---.|.|..--- ----.|..| ----- ---- --- -----..-- ------ -------- ------ ---- Arrhythmia the Jail-bird Experience level: 8 Strength: 18/02 Dexterity: 9 Constitution: 15 Intelligence: 15 Wisdom: 7 Charisma: 8 Health: 0(79) Energy: 42(42) AC: -1 Gold: 378 Moves: 2798 Your Inventory: Coins $ - 378 gold pieces Weapons o - 6 [uncursed +0] arrows [of frost] and detonation t - a [blessed +0] dagger [of reflection] Armor b - a cursed +0 striped shirt (being worn) h - an [uncursed] +0 large round shield of displacement named Neat [dwarvish roundshield] (being worn) i - a cursed +0 iron skull cap [orcish helm] (being worn) q - an [uncursed] +0 hooded cloak [dwarvish] u - an [uncursed] +0 dwarvish mithril-coat (being worn) x - an [uncursed] +0 pair of jackboots [high] (being worn) Scrolls f - an [uncursed] scroll labeled FNORD [of confuse monster] g - an [uncursed] scroll labeled YUM YUM [of identify] Potions j - an [uncursed] potion of oil Wands l - an [uncursed] wand of digging [0:1] m - an [uncursed] orichalcum wand [of sleep (0:8)] p - an [uncursed] maple wand [of polymorph (0:7)] Iron balls c - an [uncursed] heavy iron ball (chained to you) (weapon in hand) Spells known in the end: Name Level Category Fail Memory Your skills at the end: Fighting Skills Weapon Skills sling [Basic / Skilled] Spellcasting Skills Final Attributes: You had transgressed. Hunger level was 168. Your alignment was -32 / 23. Monster difficulty range was 1 - 8. Level difficulty was 9. You were immune to poison. You were immune to level-drain. You were immune to sickness. You were punished. You were displaced. You could fly. You could survive without air. You regenerated. Your luck was zero. You are dead. Vanquished creatures: 4 watchmen a panther a rock piercer a fog cloud a yellow light a shrieker 3 gnome lords a red naga hatchling a little dog 7 dwarves a kobold lord 4 rothes a giant bat 2 iguanas 2 hobbits a large kobold a hobgoblin a green mold 25 gnomes 3 geckos 5 jackals 3 foxes a kobold a goblin 4 grid bugs 3 lichens 4 newts 83 creatures vanquished. Voluntary challenges: You went without food. You never hit with a wielded weapon. You read items or engraved 3 times. You put on armor 8 times. You never genocided any monsters. You never polymorphed an object. You never changed form. You used no wishes. You abstained from Elbereth's help. You never encountered a bones level. You never used any Sokoban shortcuts. Dungeon overview: The Dungeons of Doom: levels 1 to 4 Level 1 a long staircase Level 2 an armor shop, a fountain, a sink Level 4 a fountain stairs to The Gnomish Mines The Gnomish Mines: levels 5 to 9 Level 5 stairs to The Dungeons of Doom Level 8 a fountain Level 9 <- You were here History has recorded: On T:1 you entered the Dungeons of Doom to retrieve the Amulet of Yendor! On T:316 you reached level 2 of The Dungeons of Doom. On T:320 you advanced to experience level 2. On T:700 you advanced to experience level 3. On T:876 you reached level 3 of The Dungeons of Doom. On T:1042 you advanced to experience level 4. On T:1231 you reached level 4 of The Dungeons of Doom. On T:1317 you reached level 1 of The Gnomish Mines. On T:1319 you advanced to experience level 5. On T:1437 you advanced to experience level 6. On T:2357 you reached level 2 of The Gnomish Mines. On T:2404 you advanced to experience level 7. On T:2442 you reached level 5 of The Gnomish Mines. On T:2495 you reached level 4 of The Gnomish Mines. On T:2759 you advanced to experience level 8. Latest messages: The watch captain swings his long sword. The watch captain hits! [HP-15=10] [HP+1=11] [HP+1=12] [HP+1=13] The wand of digging glows and fades. The plains centaur swings his crossbow. The plains centaur misses. The plains centaur kicks! [HP-2=11] Where do you want to travel to? Never mind. The watch captain swings his long sword. The watch captain hits! The watch captain swings his long sword. The watch captain hits! You die... Final status: Goodbye Arrhythmia the Convict... You died in The Gnomish Mines on dungeon level 9 with 3547 points, and 378 pieces of gold, after 2798 moves. You were level 8 with a maximum of 79 hit points when you died.